 Dungeon Crawl Stone Soup version 0.27-a0-1280-g9d2d252d84 (webtiles) character file.

Game seed: 8397016501271761264

1689 Glokmah the Cleaver (level 8, -4/55 (56) HPs)
             Began as a Minotaur Chaos Knight on June 13, 2021.
             Was a Plaything of Xom.
             Slain by a wraith (9 damage)
             ... on level 6 of the Dungeon.
             The game lasted 00:08:44 (5866 turns).

Glokmah the Cleaver (Minotaur Chaos Knight)         Turns: 5866, Time: 00:08:45

HP:   -4/55 (56)    AC: 12    Str: 18    XL:     8   Next: 72%
MP:   7/7           EV:  9    Int: 11    God:    Xom [.....*]
Gold: 1065          SH:  0    Dex: 20    Spells: 7/7 levels left

rFire    . . .     SeeInvis +   a - +0 hand axe (chaos)
rCold    . . .     Faith    .   (no shield)
rNeg     . . .     Spirit   .   r - +1 chain mail "Naroenlo" {Harm Dex+7}
rPois    .         Reflect  .   (helmet restricted)
rElec    .         Harm     +   c - +0 cloak
rCorr    .         Rampage  .   (no gloves)
Will     .....                  (no boots)
Stlth    ..........             g - amulet of magic regeneration
HPRegen  0.18/turn              d - ring of see invisible
MPRegen  0.35/turn              i - +6 ring of dexterity

@: mighty, unable to read, slowed, lightly drained, very slow
A: horns 2, retaliatory headbutt, clever 1, clumsy 2, frail 2, inability to read
while threatened
a: Renounce Religion


You were on level 6 of the Dungeon.
You worshipped Xom.
You were Xom's teddy bear.
You visited 1 branch of the dungeon, and saw 6 of its levels.

You collected 1065 gold pieces.

Inventory:

Hand Weapons
 a - a +0 hand axe of chaos (weapon)
 b - a +2 quarterstaff of chaos
Missiles
 k - 6 javelins
 l - 9 boomerangs (quivered)
 m - 104 stones
Armour
 c - a +0 cloak (worn)
 r - the +1 chain mail "Naroenlo" (worn) {Harm Dex+7}
   (You found it on level 4 of the Dungeon)

   It affects your dexterity (+7).
   It increases damage dealt and taken.
Jewellery
 d - a ring of see invisible (left hand)
 g - an amulet of magic regeneration (around neck)
 i - a +6 ring of dexterity (right hand)
Wands
 n - a wand of iceblast (5)
Scrolls
 q - 2 scrolls of teleportation
Potions
 e - a potion of flight
 j - a potion of lignification
 o - 6 potions of curing
 p - a potion of haste


   Skills:
 + Level 6.9 Fighting
 * Level 9.2 Axes
 + Level 4.0 Throwing
 - Level 5.0 Armour
 + Level 4.5 Dodging


You had 7 spell levels left.
You didn't know any spells.
Your spell library contained the following spells:

 Spells                   Type           Power      Damage    Failure   Level
 Freeze                   Ice            0%         1d3       99%         1
 Summon Small Mammal      Summ           0%         N/A       99%         1
 Call Imp                 Summ           0%         N/A       99%         2
 Call Canine Familiar     Summ           0%         N/A       100%        3
 Frozen Ramparts          Ice            0%         1d2       100%        3
 Ozocubu's Armour         Ice            0%         N/A       100%        3
 Summon Guardian Golem    Hex/Summ       0%         N/A       100%        3
 Hailstorm                Conj/Ice       0%         3d3       100%        4
 Summon Ice Beast         Ice/Summ       0%         N/A       100%        4
 Summon Lightning Spire   Summ/Air       0%         N/A       100%        4
 Metabolic Englaciation   Hex/Ice        0%         N/A       100%        5


Dungeon Overview and Level Annotations

Branches:
Dungeon (6/15)             Temple (0/1) D:4

Altars:
Sif Muna
Xom


Innate Abilities, Weirdness & Mutations

You have a pair of horns on your head.
You reflexively headbutt those who attack you in melee.
Your mind is acute. (Int +2)
You are very clumsy. (Dex -4)
You are very frail. (-20% HP)
You sometimes lose the ability to read scrolls when taking damage.


Message History

The wraith is engulfed in seething chaos.
The wraith hits you but does no damage.
Your white imp completely misses the wraith.
A centaur comes into view.
The wraith is engulfed in seething chaos.
The wraith hits you but does no damage.
Your white imp barely misses the wraith.
You feel very mighty all of a sudden.
The centaur wields a +0 shortbow.
The centaur shoots an arrow.
The arrow hits you.
The wraith is engulfed in seething chaos.
The wraith resists with almost no effort.
The wraith barely misses you.
The centaur shoots an arrow.
The arrow misses you.
Your white imp barely misses the wraith.
The wraith is engulfed in seething chaos.
The wraith closely misses you.
The worm is engulfed in seething chaos.
The worm barely misses your white imp.
You hit the wraith but do no damage. Your headbutt misses the wraith.
The wraith is lightly damaged.
You can read scrolls again.
The centaur shoots an arrow.
The arrow hits you.
The wraith is engulfed in seething chaos.
The wraith closely misses you.
Your white imp barely misses the wraith.
The centaur shoots an arrow.
The arrow hits you.
* * * LOW HITPOINT WARNING * * *
The wraith is engulfed in seething chaos.
The wraith barely misses you. The worm closely misses your white imp.
Your white imp misses the wraith.
Xom's power touches on a nearby monster.
The centaur seems to slow down.
You are now Xom's teddy bear.
The centaur shoots an arrow.
The arrow hits you!
You feel threatened and lose the ability to read scrolls!
* * * LOW HITPOINT WARNING * * *
The wraith is engulfed in seething chaos.
The wraith hits you!
You die...
Xom titters!

#.##.†<# .##.##.###...c
. .... .... ....####...
##.#......# ##
#.#....._# .##
#./......# #.##
#......# ##.##
#.####5.W@.[# # ##.##
#.....w###))######.#.#.
##.########.#
#.))..........
##.......#
#.###.#(##.####.#.#
##.######.#
##w.w..##.........#.#
#.## #.#
########.......###..
.## #.# #...###### ###
## #.# #...#
#########.###
#...####.. #


You could see a wraith (fast, strong, agile, invisible), a centaur (slow), a
worm and a friendly white imp (summoned).

Vanquished Creatures
  Sigmund (D:4)
  A wyvern (D:6)
  Edmund (D:6)
  2 black bears (D:5)
  An ice beast (D:6)
  An orc warrior (D:4)
  2 ogres
  Blork the orc (D:4)
  3 scorpions
  2 wights (D:6)
  A howler monkey (D:4)
  A jelly (D:5)
  A hound (D:4)
  An orc priest (D:4)
  Crazy Yiuf (D:5)
  4 iguanas
  Natasha (D:3)
  2 howler monkey zombies (D:5)
  6 adders
  A white imp (D:5)
  An adder skeleton (D:5)
  A worm (D:2)
  A dart slug (D:1)
  5 orcs
  A bat (D:3)
  3 endoplasms
  A giant cockroach (D:1)
  4 goblins
  7 hobgoblins
  5 jackals
  5 kobolds
  5 quokkas
  2 ball pythons
  4 frilled lizards (D:1)
  4 rats
83 creatures vanquished.

Vanquished Creatures (collateral kills)
  A hobgoblin (D:4)
1 creature vanquished.

Vanquished Creatures (others)
  2 wights (D:6)
2 creatures vanquished.

Grand Total: 86 creatures vanquished

Notes
Turn   | Place    | Note
-------+----------+-------------------------------------------
     0 | D:1      | Glokmah the Minotaur Chaos Knight began the quest for the
                  | Orb.
     0 | D:1      | Reached XP level 1. HP: 19/19 MP: 0/0
    41 | D:1      | XOM: potion effect (curing)
   297 | D:1      | Reached XP level 2. HP: 25/27 MP: 1/1
   298 | D:1      | Reached skill level 4 in Axes
   345 | D:1      | Found a faded altar of an unknown god.
   815 | D:1      | XOM: divination: magic mapping
  1006 | D:1      | Reached XP level 3. HP: 33/33 MP: 2/2
  1182 | D:2      | XOM: 5-stop teleportation journey
  2098 | D:3      | XOM: enchant monster (good)
  2169 | D:3      | Noticed Natasha
  2174 | D:3      | Reached XP level 4. HP: 32/40 MP: 3/3
  2174 | D:3      | Killed Natasha
  2304 | D:3      | Found a shimmering blue altar of Sif Muna.
  2391 | D:4      | Identified a scroll of acquirement
  2391 | D:4      | Acquired the +0 pair of fencer's gloves {Riposte Dex+3}
  2392 | D:4      | Found the +0 pair of fencer's gloves {Riposte Dex+3}
  2419 | D:4      | Found a staircase to the Ecumenical Temple.
  2471 | D:4      | Reached skill level 5 in Axes
  2475 | D:4      | Reached XP level 5. HP: 34/47 MP: 4/4
  2616 | D:4      | Noticed Blork the orc
  2622 | D:4      | XOM: cast spell 'Alistair's Intoxication'
  2632 | D:4      | Killed Blork the orc
  2711 | D:4      | XOM: god gift: 10 stones
  2869 | D:4      | Noticed an ogre
  2872 | D:4      | XOM: polymorph hound -> endoplasm
  2875 | D:4      | Reached XP level 6. HP: 49/53 MP: 5/5
  2880 | D:4      | Reached skill level 6 in Axes
  2880 | D:4      | Reached skill level 1 in Throwing
  2883 | D:4      | XOM: swap monsters
  2884 | D:4      | Reached skill level 5 in Fighting
  3059 | D:4      | Noticed Sigmund
  3061 | D:4      | XOM: cast spell 'Discord'
  3076 | D:4      | HP: 2/56 [Sigmund (12)]
  3131 | D:4      | XOM: cloud trail
  3248 | D:4      | XOM: god gift: scroll of teleportation
  3513 | D:4      | Identified the +1 chain mail "Naroenlo" {Harm Dex+7}
  3636 | D:4      | Killed Sigmund
  3637 | D:4      | Reached XP level 7. HP: 53/61 MP: 6/6
  3854 | D:5      | Entered Level 5 of the Dungeon
  3957 | D:5      | XOM: cast spell 'Summon Small Mammal'
  3964 | D:4      | Reached skill level 7 in Axes
  3967 | D:4      | XOM: noise
  4225 | D:5      | Reached skill level 5 in Armour
  4900 | D:5      | XOM: blink monster(s)
  4904 | D:5      | Reached skill level 8 in Axes
  4904 | D:5      | Reached XP level 8. HP: 68/70 MP: 7/7
  5099 | D:5      | Found a runed translucent door.
  5100 | D:5      | Noticed Crazy Yiuf
  5126 | D:5      | XOM: swap monsters
  5207 | D:5      | XOM: give mutations
  5207 | D:5      | Gained mutation: You are frail. (-10% HP) [Xom's mischief]
  5207 | D:5      | Gained mutation: You sometimes lose the ability to read
                  | scrolls when taking damage. [Xom's mischief]
  5207 | D:5      | Gained mutation: You are very frail. (-20% HP) [Xom's
                  | mischief]
  5207 | D:5      | Gained mutation: Your mind is acute. (Int +2) [Xom's
                  | mischief]
  5232 | D:5      | XOM: give mutations
  5232 | D:5      | Gained mutation: Your body sometimes deteriorates upon
                  | taking damage. [Xom's mischief]
  5232 | D:5      | Gained mutation: You are clumsy. (Dex -2) [Xom's mischief]
  5398 | D:5      | Killed Crazy Yiuf
  5460 | D:6      | Noticed Edmund
  5467 | D:6      | Killed Edmund
  5555 | D:6      | XOM: confuse monster(s)
  5643 | D:6      | Reached skill level 9 in Axes
  5659 | D:6      | XOM: give mutations
  5659 | D:6      | Gained mutation: You are very clumsy. (Dex -4) [Xom's
                  | mischief]
  5659 | D:6      | Lost mutation: Your body sometimes deteriorates upon taking
                  | damage. [Xom's mischief]
  5694 | D:6      | XOM: god gift: 785 gold pieces
  5799 | D:6      | XOM: cloud trail
  5837 | D:6      | Identified the +2 leather armour "Zomun Ihege" {rF++ Regen+
                  | rCorr Int-5}
  5838 | D:6      | XOM: scenery: create altars
  5842 | D:6      | XOM: divine lightning
  5850 | D:6      | XOM: polymorph iguana -> worm
  5858 | D:6      | XOM: summons friendly white imp
  5862 | D:6      | HP: 2/55 [wraith (12)]
  5866 | D:6      | XOM: enchant monster (good)
  5866 | D:6      | Slain by a wraith

Illustrated notes

Levels and vault maps discovered:
D:1:      co_arrival_random_square_maze, layout_loops_ring,
          hellmonk_ecumenical_altar_lost_god, minmay_heptomino_h4
D:2:      layout_loops_cross
D:3:      layout_basic, led_sif_pool, minivault_23, uniq_natasha
D:4:      layout_loops_ring, minmay_temple_entry_drinking_statues,
          portal_sewer_entry_d, minmay_circle_x, uniq_sigmund,
          uniq_blork_the_orc
D:5:      layout_rooms, corexii_hall_statues_x, st_stairs_10,
          uniq_crazy_yiuf_cottage
D:6:      layout_loops_cross, general_overflow_altar, uniq_edmund

Skill      XL: |  1  2  3  4  5  6  7  8 |
---------------+-------------------------+-----
Axes           | 4 5 6 8 9 |  9.2
Fighting       | 4 5 6 |  6.9
Armour         | 3 4 5 |  5.0
Dodging        | 2 3 4 |  4.5
Throwing       | 2 3 4 |  4.0

Action                   |  1- 3 |  4- 6 |  7- 9 || total
-------------------------+-------+-------+-------++-------
Melee: Hand axe          |   101 |    47 |    80 ||   228
       Headbutt          |    12 |     8 |    28 ||    48
Throw: Javelin           |       |     6 |     2 ||     8
       Boomerang         |       |       |     5 ||     5
  Use: Scroll            |       |     4 |     7 ||    11
       Potion            |       |       |     3 ||     3
 Stab: Confused          |       |     2 |       ||     2
       Petrified         |       |     5 |       ||     5
       Petrifying        |       |     1 |       ||     1
Armor: Leather armour    |    39 |       |       ||    39
       Scale mail        |     7 |    14 |       ||    21
       Chain mail        |       |     2 |    38 ||    40
Dodge: Dodged            |    54 |    33 |    33 ||   120

Table legend: (Time is in decaauts)
 A = Elapsed time spent in this place.
 B = Non-inter-level travel time spent in this place.
 C = Inter-level travel time spent in this place.
 D = Time resting spent in this place.
 E = Time spent auto-exploring this place.
 F = Levels seen in this place.
 G = Mean time per level.
                   A        B        C        D        E       F      G
               +--------+--------+--------+--------+--------+-----+--------+
         Total |   5886 |   5407 |    479 |    620 |   4000 |   6 |  981.0 |
       Dungeon |   5886 |   5407 |    479 |    620 |   4000 |   6 |  981.0 |
               +--------+--------+--------+--------+--------+-----+--------+

Top non-repeatable levels by time:
     D:4: 1928 daAuts
     D:5: 1239 daAuts
     D:1: 1119 daAuts
     D:2: 729 daAuts
     D:3: 553 daAuts
     D:6: 316 daAuts
